[Event "9th RTU Open 2019"]
[Site "Riga"]
[Date "2019.08.08"]
[Round "6.18"]
[White "Krivonosov, Oleg"]
[Black "Bauer, Christian"]
[Result "1/2-1/2"]
[ECO "A04"]
[WhiteElo "2416"]
[BlackElo "2646"]
[Annotator "ChessBase"]
[PlyCount "43"]
[EventDate "2019.08.05"]
[EventType "swiss"]
[EventCountry "LAT"]
[SourceTitle "playchess.com"]
[Source "ChessBase"]
[SourceQuality "1"]
[TimeControl "5400+30"]

1. Nf3 f5 2. g3 Nf6 3. Bg2 d6 4. d4 h6 5. c4 g5 6. Nc3 Bg7 7. O-O O-O 8. d5 c5 9. h4 g4 10. Ne1 Nbd7 11. Nd3 Nb6 12. Qb3 e5 13. dxe6 Bxe6 14. Nf4 Bxc4 15. Qc2 Qd7 16. Be3 Bf7 17. Rad1 Rac8 18. Nfd5 Nbxd5 19. Nxd5 Nxd5 20. Bxd5 Kh7 21. Bf4 b5 22. Bxf7 1/2-1/2

[Event "9th RTU Open 2019"]
[Site "Riga"]
[Date "2019.08.08"]
[Round "6.19"]
[White "Tania, Sachdev"]
[Black "Smirin, Ilia"]
[Result "1/2-1/2"]
[ECO "A21"]
[WhiteElo "2401"]
[BlackElo "2594"]
[Annotator "ChessBase"]
[PlyCount "72"]
[EventDate "2019.08.05"]
[EventType "swiss"]
[EventCountry "LAT"]
[SourceTitle "playchess.com"]
[Source "ChessBase"]
[SourceQuality "1"]
[TimeControl "5400+30"]

1. d4 d6 2. c4 e5 3. Nc3 exd4 4. Qxd4 Nf6 5. b3 Nc6 6. Qd2 Be6 7. e4 g6 8. Bb2 Bg7 9. Bd3 O-O 10. Nge2 Ng4 11. O-O Qh4 12. h3 Nge5 13. f4 Nxd3 14. Qxd3 f5 15. Qd2 Rae8 16. Nd5 Bxb2 17. Qxb2 Bxd5 18. exd5 Nb4 19. Qd2 Na6 20. Nd4 Nc5 21. Ne6 Nxe6 22. dxe6 Rxe6 23. Qd5 Rfe8 24. Rae1 Qf6 25. Rxe6 Qxe6 26. Qxb7 Qe3+ 27. Kh2 Qb6 28. Qd5+ Kg7 29. c5 Qb4 30. cxd6 cxd6 31. a3 Qxa3 32. Qd4+ Kh6 33. Ra1 Qc5 34. Qxc5 dxc5 35. Rxa7 Rb8 36. Ra5 Rxb3 1/2-1/2

[Event "9th RTU Open 2019"]
[Site "Riga"]
[Date "2019.08.08"]
[Round "6.20"]
[White "Wagner, Dennis"]
[Black "D`Costa, Lorin"]
[Result "1-0"]
[ECO "E52"]
[WhiteElo "2579"]
[BlackElo "2396"]
[Annotator "ChessBase"]
[PlyCount "91"]
[EventDate "2019.08.05"]
[EventType "swiss"]
[EventCountry "LAT"]
[SourceTitle "playchess.com"]
[Source "ChessBase"]
[SourceQuality "1"]
[TimeControl "5400+30"]

1. d4 Nf6 2. c4 e6 3. Nc3 Bb4 4. e3 O-O 5. Bd2 b6 6. Nf3 Bb7 7. Bd3 d5 8. cxd5 exd5 9. O-O Nbd7 10. Rc1 a6 11. Ne5 Nxe5 12. dxe5 Bxc3 13. Bxc3 Ne4 14. Be1 Qe7 15. Qc2 c5 16. f3 c4 17. Bxe4 dxe4 18. f4 b5 19. Bc3 Rfd8 20. Bd4 Bd5 21. Qf2 Rac8 22. Qg3 b4 23. f5 Qf8 24. Rf4 c3 25. b3 a5 26. e6 f6 27. Rh4 a4 28. Qh3 h6 29. Qg4 Bxb3 30. Rxh6 Rxd4 31. Qg6 Qe8 32. Qh7+ Kf8 33. Qh8+ Ke7 34. Qxg7+ Kd6 35. exd4 Qe7 36. Qxe7+ Kxe7 37. Rh7+ Kd6 38. Rd7+ Kc6 39. a3 Kb5 40. axb4 Kxb4 41. d5 c2 42. d6 Ka3 43. Rc7 Rd8 44. d7 Kb2 45. R1xc2+ Bxc2 46. e7 1-0

[Event "9th RTU Open 2019"]
[Site "Riga"]
[Date "2019.08.08"]
[Round "6.21"]
[White "Baskin, Robert"]
[Black "Chandra, Akshat"]
[Result "1-0"]
[ECO "C02"]
[WhiteElo "2398"]
[BlackElo "2522"]
[Annotator "ChessBase"]
[PlyCount "105"]
[EventDate "2019.08.05"]
[EventType "swiss"]
[EventCountry "LAT"]
[SourceTitle "playchess.com"]
[Source "ChessBase"]
[SourceQuality "1"]
[TimeControl "5400+30"]

1. e4 e6 2. d4 d5 3. e5 c5 4. c3 Nc6 5. Nf3 Qb6 6. a3 c4 7. Nbd2 Na5 8. g3 Bd7 9. h4 Qc7 10. Bh3 Ne7 11. O-O Nc8 12. Ne1 Nb6 13. f4 O-O-O 14. Rb1 Kb8 15. Ndf3 f5 16. g4 g6 17. gxf5 gxf5 18. Kh2 Be8 19. Ng5 Qe7 20. Qc2 Ba4 21. Qe2 h6 22. Ngf3 Be8 23. Rg1 Bh5 24. Be3 Qf7 25. Nc2 Be7 26. Bf2 Nb3 27. Ne3 Rhg8 28. Rxg8 Rxg8 29. Bg2 Rg7 30. Bg3 Qg8 31. Qf2 Na4 32. Nf1 Bxa3 33. bxa3 Nxc3 34. Re1 Ne4 35. Rxe4 dxe4 36. N3d2 Rc7 37. Ne3 Nxd2 38. Qxd2 c3 39. Qc2 Qd8 40. d5 exd5 41. Nxf5 Qf8 42. Nd6 Bg4 43. f5 Ka8 44. e6 Rc6 45. Nb5 a6 46. Nc7+ Ka7 47. Nxd5 Bxf5 48. e7 Qc8 49. Qf2+ b6 50. Qxf5 c2 51. Qxc8 Rxc8 52. Bf4 e3 53. Bxe3 1-0

[Event "9th RTU Open 2019"]
[Site "Riga"]
[Date "2019.08.08"]
[Round "6.22"]
[White "Vishnu Prasanna. V"]
[Black "Akash G"]
[Result "1-0"]
[ECO "E94"]
[WhiteElo "2505"]
[BlackElo "2394"]
[Annotator "ChessBase"]
[PlyCount "75"]
[EventDate "2019.08.05"]
[EventType "swiss"]
[EventCountry "LAT"]
[SourceTitle "playchess.com"]
[Source "ChessBase"]
[SourceQuality "1"]
[TimeControl "5400+30"]

1. d4 Nf6 2. c4 g6 3. Nc3 Bg7 4. e4 d6 5. Be2 O-O 6. Bg5 Na6 7. Nf3 c6 8. O-O e5 9. d5 h6 10. Be3 Ng4 11. Bc1 f5 12. g3 fxe4 13. Nh4 Nf6 14. Nxg6 Re8 15. Kh1 Bh3 16. Rg1 Bf5 17. Nh4 Bh7 18. g4 Nxd5 19. cxd5 Qxh4 20. g5 Kh8 21. Rg4 Qxf2 22. gxh6 Bf6 23. dxc6 bxc6 24. Qxd6 Rad8 25. Be3 Rxd6 26. Bxf2 Rd4 27. Rf1 Nb4 28. Bxd4 exd4 29. Rxf6 dxc3 30. bxc3 Nxa2 31. Rgf4 Nxc3 32. Rf8+ Rxf8 33. Rxf8+ Bg8 34. Bg4 e3 35. Be6 Kh7 36. Bxg8+ Kxh6 37. Re8 e2 38. Bc4 1-0

[Event "9th RTU Open 2019"]
[Site "Riga"]
[Date "2019.08.08"]
[Round "6.23"]
[White "Jurcik, Marian"]
[Black "Galchenko, Matvey"]
[Result "1/2-1/2"]
[ECO "C01"]
[WhiteElo "2501"]
[BlackElo "2383"]
[Annotator "ChessBase"]
[PlyCount "41"]
[EventDate "2019.08.05"]
[EventType "swiss"]
[EventCountry "LAT"]
[SourceTitle "playchess.com"]
[Source "ChessBase"]
[SourceQuality "1"]
[TimeControl "5400+30"]

1. e4 e6 2. d4 d5 3. exd5 exd5 4. Nf3 Bd6 5. c4 Nf6 6. c5 Be7 7. Bd3 b6 8. cxb6 axb6 9. h3 O-O 10. O-O c5 11. Nc3 Nc6 12. Bg5 Be6 13. a3 h6 14. Be3 Re8 15. Re1 Bf8 16. Bb5 Rc8 17. Ne5 Bd7 18. Nxd7 Qxd7 19. Qf3 Re6 20. Rad1 c4 21. Ba4 1/2-1/2

[Event "9th RTU Open 2019"]
[Site "Riga"]
[Date "2019.08.08"]
[Round "6.24"]
[White "Semjonovs, Ilja"]
[Black "Hirneise, Tobias"]
[Result "1/2-1/2"]
[ECO "C95"]
[WhiteElo "2380"]
[BlackElo "2459"]
[Annotator "ChessBase"]
[PlyCount "60"]
[EventDate "2019.08.05"]
[EventType "swiss"]
[EventCountry "LAT"]
[SourceTitle "playchess.com"]
[Source "ChessBase"]
[SourceQuality "1"]
[TimeControl "5400+30"]

1. e4 e5 2. Nf3 Nc6 3. Bb5 a6 4. Ba4 Nf6 5. O-O Be7 6. Re1 b5 7. Bb3 d6 8. c3 O-O 9. h3 Nb8 10. d4 Nbd7 11. a4 Bb7 12. Nbd2 c5 13. Bc2 Re8 14. Nf1 Bf8 15. d5 c4 16. Be3 Qc7 17. axb5 axb5 18. Qd2 Nc5 19. Ng3 Rxa1 20. Rxa1 Ra8 21. Qd1 Rxa1 22. Qxa1 Bc8 23. Nd2 g6 24. Qa3 Be7 25. Qb4 Bd7 26. b3 cxb3 27. Nxb3 Nxb3 28. Bxb3 Ne8 29. Nf1 Qc8 30. c4 bxc4 1/2-1/2

[Event "9th RTU Open 2019"]
[Site "Riga"]
[Date "2019.08.08"]
[Round "6.25"]
[White "Ioannidis, Evgenios"]
[Black "Mohammad Nubairshah Shaikh"]
[Result "1/2-1/2"]
[ECO "D15"]
[WhiteElo "2378"]
[BlackElo "2449"]
[Annotator "NA"]
[PlyCount "120"]
[EventDate "2019.08.05"]
[EventType "swiss"]
[EventCountry "LAT"]
[SourceTitle "playchess.com"]
[Source "ChessBase"]
[SourceQuality "1"]
[TimeControl "5400+30"]

1. d4 d5 2. c4 c6 3. Nf3 Nf6 4. Nc3 dxc4 5. e4 b5 6. Be2 e6 7. O-O Be7 8. a4 b4 9. e5 bxc3 10. exf6 Bxf6 11. bxc3 Ba6 12. Nd2 O-O 13. Bxc4 Bxc4 14. Nxc4 Nd7 15. Ba3 Be7 16. Bxe7 Qxe7 17. Rb1 Rab8 18. Qe2 Qg5 19. Ne5 Nxe5 20. Qxe5 Qxe5 21. dxe5 g5 22. h4 gxh4 23. Rfd1 Rxb1 24. Rxb1 Rd8 25. Rb7 a5 26. Rc7 Rd1+ 27. Kh2 Ra1 28. Rxc6 Rxa4 29. Ra6 Rf4 30. Rxa5 Rxf2 31. Ra4 Rc2 32. Rg4+ Kh8 33. Rf4 Kg7 34. Rg4+ Kf8 35. Rxh4 Rxc3 36. Rxh7 Re3 37. Rh5 Kg7 38. g4 Kg6 39. Kg2 Rb3 40. Kf2 Ra3 41. Kg2 Rc3 42. Kf2 Rc5 43. Kf3 Rc1 44. Rh8 Rf1+ 45. Kg2 Re1 46. Rh5 Ra1 47. Kf3 Rg1 48. Rh8 Rf1+ 49. Kg2 Rd1 50. Rh5 Rd5 51. Kf3 Rd8 52. Kf4 Rd4+ 53. Kf3 Ra4 54. Rh8 Ra3+ 55. Kf4 Ra4+ 56. Kf3 Rb4 57. Rh5 Rb1 58. Rh8 Rf1+ 59. Kg2 Ra1 60. Kf3 Rf1+ 1/2-1/2

[Event "9th RTU Open 2019"]
[Site "Riga"]
[Date "2019.08.08"]
[Round "6.26"]
[White "Grinev, Valeriy"]
[Black "Maltsevskaya, Aleksandra"]
[Result "1-0"]
[ECO "E97"]
[WhiteElo "2437"]
[BlackElo "2294"]
[Annotator "NA"]
[PlyCount "119"]
[EventDate "2019.08.05"]
[EventType "swiss"]
[EventCountry "LAT"]
[SourceTitle "playchess.com"]
[Source "ChessBase"]
[SourceQuality "1"]
[TimeControl "5400+30"]

1. c4 Nf6 2. Nf3 g6 3. Nc3 Bg7 4. e4 d6 5. d4 O-O 6. Be2 e5 7. O-O Nc6 8. d5 Ne7 9. b4 Nh5 10. g3 f5 11. Ng5 Nf6 12. Bf3 c6 13. Bg2 h6 14. Ne6 Bxe6 15. dxe6 fxe4 16. b5 d5 17. cxd5 cxd5 18. Qb3 Qb6 19. Ba3 Rae8 20. Bxe7 Rxe7 21. Nxd5 Nxd5 22. Qxd5 Rd8 23. Qxe4 Qxe6 24. Rfd1 Rxd1+ 25. Rxd1 Kh7 26. Qa4 Qb6 27. Be4 Rf7 28. Qc2 Bf8 29. Kg2 Kg7 30. Rd5 Qf6 31. Qb2 Bd6 32. Qd2 Bf8 33. Qe2 b6 34. Bf3 Bd6 35. h4 Re7 36. Qe4 Bc5 37. Rd8 Rf7 38. Re8 Re7 39. Rc8 Qf5 40. Rd8 Qxe4 41. Bxe4 Rf7 42. f3 Rc7 43. Bd5 Be7 44. Rg8+ Kh7 45. Re8 Kg7 46. Kh3 Bf6 47. a4 Rd7 48. Be4 Kf7 49. Rc8 Kg7 50. g4 g5 51. h5 Be7 52. Kg2 Bb4 53. Bf5 Rf7 54. Be6 Re7 55. Rg8+ Kh7 56. Rg6 Rg7 57. Rf6 Rc7 58. Bf5+ Kg7 59. Rg6+ Kf7 60. Rxh6 1-0

[Event "9th RTU Open 2019"]
[Site "Riga"]
[Date "2019.08.08"]
[Round "6.27"]
[White "Haria, Ravi"]
[Black "Heinemann, Josefine"]
[Result "1-0"]
[ECO "C47"]
[WhiteElo "2430"]
[BlackElo "2255"]
[Annotator "NA"]
[PlyCount "133"]
[EventDate "2019.08.05"]
[EventType "swiss"]
[EventCountry "LAT"]
[SourceTitle "playchess.com"]
[Source "ChessBase"]
[SourceQuality "1"]
[TimeControl "5400+30"]

1. e4 e5 2. Nf3 Nc6 3. Nc3 Nf6 4. d4 exd4 5. Nxd4 Bb4 6. Nxc6 bxc6 7. Bd3 d5 8. exd5 cxd5 9. O-O O-O 10. h3 c6 11. Qf3 Re8 12. Bg5 h6 13. Bh4 Rb8 14. Rfe1 Be6 15. a3 Be7 16. b3 Nh7 17. Bxe7 Qxe7 18. Ne2 Bd7 19. b4 Ng5 20. Qg3 c5 21. Nc3 Be6 22. Nxd5 Qb7 23. Nc7 Rec8 24. Nxe6 Nxe6 25. Rab1 Qd7 26. Bf5 Rb6 27. Rbd1 Qe7 28. c3 g6 29. Qg4 h5 30. Qg3 Qf6 31. Bxe6 Rxe6 32. b5 Qe7 33. Rxe6 Qxe6 34. Qd3 Qb6 35. a4 Qa5 36. Qc4 Qc7 37. g3 Qe7 38. h4 Kg7 39. a5 Qf6 40. Rd5 Qe6 41. Qd3 Rc7 42. a6 c4 43. Qd4+ Qf6 44. Qd2 Re7 45. Kg2 Kh7 46. Qd4 Qxd4 47. Rxd4 Re5 48. Rxc4 Rxb5 49. Rc7 Kg7 50. Rxa7 Rc5 51. Rb7 Rxc3 52. a7 Ra3 53. Kf1 Kf6 54. Ke2 Ke6 55. Kd2 f6 56. Kc2 g5 57. Kb2 Ra6 58. Kb3 Kf5 59. Kb4 Kg4 60. Kb5 Ra1 61. Rf7 gxh4 62. gxh4 f5 63. Kb6 f4 64. Rf8 Kf3 65. a8=Q+ Rxa8 66. Rxa8 Kxf2 67. Rh8 1-0

[Event "9th RTU Open 2019"]
[Site "Riga"]
[Date "2019.08.08"]
[Round "6.28"]
[White "Larkin, Vladyslav"]
[Black "Korchmar, Vasiliy"]
[Result "0-1"]
[ECO "D00"]
[WhiteElo "2385"]
[BlackElo "2424"]
[Annotator "NA"]
[PlyCount "102"]
[EventDate "2019.08.05"]
[EventType "swiss"]
[EventCountry "LAT"]
[SourceTitle "playchess.com"]
[Source "ChessBase"]
[SourceQuality "1"]
[TimeControl "5400+30"]

1. d4 Nf6 2. Bf4 d5 3. e3 c5 4. dxc5 Nc6 5. Bb5 e6 6. b4 a5 7. c3 Bd7 8. Nf3 axb4 9. Bxc6 Bxc6 10. cxb4 b6 11. O-O bxc5 12. bxc5 Bb5 13. Re1 Bxc5 14. Nc3 Ba6 15. Qa4+ Nd7 16. Nb5 Bxb5 17. Qxb5 O-O 18. a4 Ra5 19. Qd3 Qa8 20. Ng5 g6 21. e4 Rxa4 22. Qh3 h5 23. Rxa4 Qxa4 24. Qg3 Nf6 25. exd5 exd5 26. h3 Re8 27. Rxe8+ Qxe8 28. Qc3 Qe7 29. Be5 Nd7 30. Bf4 Qe2 31. Bg3 Qc4 32. Qe1 Nf6 33. Qe5 Bd4 34. Qb8+ Kg7 35. Kh2 Qc6 36. Nf3 Bc3 37. Ne5 Qe6 38. Qc7 Ne4 39. Nd3 Bf6 40. Nf4 Qf5 41. Nd3 h4 42. Bf4 g5 43. g4 Qe6 44. Be5 Nxf2 45. Bxf6+ Qxf6 46. Ne5 Ne4 47. Nd3 Qf3 48. Qe5+ Kg8 49. Qb8+ Kh7 50. Qc7 Ng3 51. Qc1 Qxd3 0-1

[Event "9th RTU Open 2019"]
[Site "Riga"]
[Date "2019.08.08"]
[Round "6.29"]
[White "Sergienko, Sergey"]
[Black "Gokerkan, Cem Kaan"]
[Result "0-1"]
[ECO "C00"]
[WhiteElo "2320"]
[BlackElo "2415"]
[Annotator "NA"]
[PlyCount "74"]
[EventDate "2019.08.05"]
[EventType "swiss"]
[EventCountry "LAT"]
[SourceTitle "playchess.com"]
[Source "ChessBase"]
[SourceQuality "1"]
[TimeControl "5400+30"]

1. Nf3 c5 2. e4 e6 3. d3 Nc6 4. g3 Nf6 5. Bg2 d5 6. Qe2 Be7 7. O-O b5 8. e5 Nd7 9. h4 a5 10. Bf4 a4 11. Re1 Ba6 12. a3 Rc8 13. Nc3 h6 14. Qd2 Nb6 15. h5 d4 16. Ne4 Nd5 17. g4 Qa5 18. Qc1 c4 19. dxc4 bxc4 20. Bg3 d3 21. cxd3 cxd3 22. Qd1 O-O 23. g5 hxg5 24. Nexg5 Nd4 25. Nxd4 Bxg5 26. Qg4 Bh6 27. Be4 d2 28. Red1 Rc4 29. Bd3 Rc1 30. b4 axb3 31. Nxb3 Rxa1 32. Rxa1 Qc3 33. Bxa6 Qxb3 34. Be2 Nc3 35. Rf1 Nxe2+ 36. Qxe2 Rc8 37. Qa6 Qc4 0-1

[Event "9th RTU Open 2019"]
[Site "Riga"]
[Date "2019.08.08"]
[Round "6.30"]
[White "Smirnov, Artem"]
[Black "Shailesh, Dravid"]
[Result "0-1"]
[ECO "E90"]
[WhiteElo "2421"]
[BlackElo "2254"]
[Annotator "NA"]
[PlyCount "106"]
[EventDate "2019.08.05"]
[EventType "swiss"]
[EventCountry "LAT"]
[SourceTitle "playchess.com"]
[Source "ChessBase"]
[SourceQuality "1"]
[TimeControl "5400+30"]

1. d4 Nf6 2. c4 g6 3. Nc3 Bg7 4. e4 d6 5. h3 O-O 6. Be3 Na6 7. Nf3 Qe8 8. g4 c5 9. Qd2 cxd4 10. Nxd4 Nc5 11. Bg2 a6 12. O-O Rb8 13. b4 Na4 14. Nce2 e5 15. Nb3 Be6 16. Rac1 b5 17. Na5 bxc4 18. f4 exf4 19. Bxf4 Qb5 20. Nd4 Qb6 21. Be3 c3 22. Qf2 Qc7 23. Ndc6 Rxb4 24. Nxb4 Qxa5 25. Nc6 Qc7 26. Bd4 Nxg4 27. hxg4 Qxc6 28. Bxg7 Kxg7 29. Qd4+ Kg8 30. e5 d5 31. Rf4 Nb6 32. Rxc3 Nc4 33. g5 Rb8 34. Rb3 Rxb3 35. axb3 Na5 36. Qe3 Qc2 37. Bf1 Qxb3 38. Qxb3 Nxb3 39. Bxa6 Nc5 40. Bb5 Ne4 41. Kf1 Nxg5 42. Ke2 Kg7 43. Ke3 h5 44. Bc6 Ne4 45. Kd4 Ng3 46. Kc5 g5 47. Ra4 Ne4+ 48. Kd4 g4 49. Ra1 g3 50. Bxd5 Bxd5 51. Kxd5 Ng5 52. Rh1 Kg6 53. Kc4 Nf3 0-1

[Event "9th RTU Open 2019"]
[Site "Riga"]
[Date "2019.08.08"]
[Round "6.31"]
[White "Siniauski, Artsiom"]
[Black "Kopylov, Michael"]
[Result "1/2-1/2"]
[ECO "B01"]
[WhiteElo "2205"]
[BlackElo "2415"]
[Annotator "NA"]
[PlyCount "36"]
[EventDate "2019.08.05"]
[EventType "swiss"]
[EventCountry "LAT"]
[SourceTitle "playchess.com"]
[Source "ChessBase"]
[SourceQuality "1"]
[TimeControl "5400+30"]

1. e4 d5 2. exd5 Qxd5 3. Nc3 Qd6 4. g3 Nf6 5. Bg2 Bg4 6. Nge2 c6 7. b4 e6 8. Rb1 Be7 9. O-O O-O 10. d3 Nd5 11. Nxd5 cxd5 12. Be3 Nc6 13. b5 Ne5 14. h3 Bh5 15. g4 Bg6 16. Bf4 Qc7 17. Nd4 b6 18. Bg3 Bd6 1/2-1/2

[Event "9th RTU Open 2019"]
[Site "Riga"]
[Date "2019.08.08"]
[Round "6.32"]
[White "Faibisovich, Vadim Z"]
[Black "Handke, Florian"]
[Result "1/2-1/2"]
[ECO "B33"]
[WhiteElo "2302"]
[BlackElo "2544"]
[Annotator "ChessBase"]
[PlyCount "86"]
[EventDate "2019.08.05"]
[EventType "swiss"]
[EventCountry "LAT"]
[SourceTitle "playchess.com"]
[Source "ChessBase"]
[SourceQuality "1"]
[TimeControl "5400+30"]

1. e4 c5 2. Nf3 e6 3. Nc3 Nc6 4. d4 cxd4 5. Nxd4 Nf6 6. Ndb5 d6 7. Bf4 e5 8. Bg5 a6 9. Na3 b5 10. Nd5 Be7 11. Bxf6 Bxf6 12. c3 Bg5 13. Nc2 Rb8 14. Be2 O-O 15. O-O Kh8 16. Nce3 g6 17. Qd3 a5 18. a3 Be6 19. Rad1 Qd7 20. g3 b4 21. axb4 axb4 22. f4 exf4 23. gxf4 Bh6 24. cxb4 Bg7 25. b5 Nd4 26. b6 f5 27. Rf2 fxe4 28. Qxe4 Nf5 29. Bf3 Nxe3 30. Qxe3 Bxd5 31. Rxd5 Rfe8 32. Qb3 Qh3 33. Qd1 Rxb6 34. Bg2 Qe3 35. Qd2 Qe7 36. b4 Qa7 37. b5 Qa1+ 38. Rf1 Qa4 39. f5 gxf5 40. Rdxf5 Rxb5 41. Rxb5 Qxb5 42. Qxd6 Qg5 43. Qf4 Qxf4 1/2-1/2

[Event "9th RTU Open 2019"]
[Site "Riga"]
[Date "2019.08.08"]
[Round "6.33"]
[White "Stany, G.A."]
[Black "Cabezas Ayala, Ivan"]
[Result "1/2-1/2"]
[ECO "C65"]
[WhiteElo "2525"]
[BlackElo "2311"]
[Annotator "ChessBase"]
[PlyCount "43"]
[EventDate "2019.08.05"]
[EventType "swiss"]
[EventCountry "LAT"]
[SourceTitle "playchess.com"]
[Source "ChessBase"]
[SourceQuality "1"]
[TimeControl "5400+30"]

1. e4 e5 2. Nf3 Nc6 3. Bb5 Nf6 4. Qe2 Bc5 5. c3 O-O 6. O-O Re8 7. d3 h6 8. Nbd2 a6 9. Ba4 b5 10. Bb3 d6 11. a4 Be6 12. Bc2 Bb6 13. Nb3 Qe7 14. Be3 Bxe3 15. fxe3 d5 16. exd5 Nxd5 17. axb5 axb5 18. Rxa8 Rxa8 19. d4 exd4 20. exd4 Bd7 21. Be4 Re8 22. Ne5 1/2-1/2

[Event "9th RTU Open 2019"]
[Site "Riga"]
[Date "2019.08.09"]
[Round "7.2"]
[White "Sulskis, Sarunas"]
[Black "Gopal G.N."]
[Result "1/2-1/2"]
[ECO "B51"]
[WhiteElo "2528"]
[BlackElo "2594"]
[Annotator "ChessBase"]
[PlyCount "42"]
[EventDate "2019.08.05"]
[EventType "swiss"]
[EventCountry "LAT"]
[SourceTitle "playchess.com"]
[Source "ChessBase"]
[SourceQuality "1"]
[TimeControl "5400+30"]

1. e4 c5 2. Nf3 d6 3. Bb5+ Nd7 4. O-O a6 5. Bd3 Ngf6 6. c3 b5 7. a4 Bb7 8. axb5 axb5 9. Rxa8 Qxa8 10. Bxb5 Bxe4 11. Na3 g6 12. d4 cxd4 13. Qxd4 Bxf3 14. gxf3 Qxf3 15. Re1 e5 16. Nc4 Kd8 17. Qa7 Qg4+ 18. Kf1 Qh3+ 19. Kg1 Qg4+ 20. Kf1 Qh3+ 21. Kg1 Qg4+ 1/2-1/2

[Event "9th RTU Open 2019"]
[Site "Riga"]
[Date "2019.08.09"]
[Round "7.4"]
[White "Meshkovs, Nikita"]
[Black "Pultinevicius, Paulius"]
[Result "1/2-1/2"]
[ECO "D90"]
[WhiteElo "2550"]
[BlackElo "2481"]
[Annotator "ChessBase"]
[PlyCount "165"]
[EventDate "2019.08.05"]
[EventType "swiss"]
[EventCountry "LAT"]
[SourceTitle "playchess.com"]
[Source "ChessBase"]
[SourceQuality "1"]
[TimeControl "5400+30"]

1. Nf3 Nf6 2. c4 g6 3. Nc3 d5 4. cxd5 Nxd5 5. Qb3 Nb6 6. d4 Bg7 7. Bf4 O-O 8. e3 Be6 9. Qa3 a5 10. Be2 Nc6 11. Rc1 Nb4 12. b3 Bg4 13. O-O Bxf3 14. Bxf3 Nd3 15. Bxb7 Rb8 16. Be4 Nxf4 17. exf4 Qxd4 18. Qxa5 c5 19. Rfd1 Qb4 20. Qxb4 cxb4 21. Nb5 Nc8 22. Rc5 e6 23. Rd7 Bf6 24. Rb7 Rd8 25. Kf1 Rxb7 26. Bxb7 Nd6 27. Nxd6 Rxd6 28. Rc2 Rd7 29. Bc6 Rc7 30. Rc4 Be7 31. Ke2 Kf8 32. Kd3 Bd6 33. g3 Ke7 34. Kd4 Ra7 35. Ba4 Ra5 36. Rc2 Rd5+ 37. Ke3 Rc5 38. Rd2 Rc3+ 39. Ke2 Rc5 40. h4 Rd5 41. Rb2 Rc5 42. Kf3 Rc3+ 43. Kg2 Rc5 44. Re2 Kf6 45. Rb2 Ke7 46. Kf3 Rc3+ 47. Ke2 Rc5 48. Kd1 Rd5+ 49. Ke1 Rc5 50. Re2 Kf6 51. Kd1 Ke7 52. Rb2 Rd5+ 53. Ke2 Rc5 54. Kf3 Rc3+ 55. Kg2 Rc5 56. Rd2 Rd5 57. Rxd5 exd5 58. Kf3 f5 59. Bc6 Ke6 60. Be8 Ke7 61. Bc6 Ke6 62. g4 fxg4+ 63. Kxg4 Bc5 64. Kg3 Bb6 65. Bb7 Bc5 66. Bc8+ Kf6 67. Bh3 Bb6 68. Bg2 Ke6 69. Bf3 Bc5 70. Be2 Bb6 71. Ba6 Bc5 72. Bf1 Bb6 73. Bb5 Bc5 74. Bd3 Bb6 75. f3 Kf6 76. h5 gxh5 77. Bxh7 Be3 78. Bg8 d4 79. Bh7 Bc1 80. Bd3 Be3 81. Kh4 Bxf4 82. Kxh5 Ke5 83. Kg4 1/2-1/2

[Event "9th RTU Open 2019"]
[Site "Riga"]
[Date "2019.08.09"]
[Round "7.10"]
[White "Mammadzada, Gunay"]
[Black "Wagner, Dennis"]
[Result "1/2-1/2"]
[ECO "C89"]
[WhiteElo "2427"]
[BlackElo "2579"]
[Annotator "ChessBase"]
[PlyCount "41"]
[EventDate "2019.08.05"]
[EventType "swiss"]
[EventCountry "LAT"]
[SourceTitle "playchess.com"]
[Source "ChessBase"]
[SourceQuality "1"]
[TimeControl "5400+30"]

1. e4 e5 2. Nf3 Nc6 3. Bb5 a6 4. Ba4 Nf6 5. O-O Be7 6. Re1 b5 7. Bb3 O-O 8. c3 d5 9. exd5 Nxd5 10. Nxe5 Nxe5 11. Rxe5 c6 12. d3 Bd6 13. Re1 Bf5 14. Qf3 Bg6 15. Na3 Bxa3 16. bxa3 Nxc3 17. Bb2 Na4 18. Bxa4 bxa4 19. Qxc6 Qxd3 20. Qxa4 Rab8 21. Qd4 1/2-1/2

[Event "9th RTU Open 2019"]
[Site "Riga"]
[Date "2019.08.09"]
[Round "7.14"]
[White "Gokerkan, Cem Kaan"]
[Black "Gukesh D"]
[Result "1/2-1/2"]
[ECO "B08"]
[WhiteElo "2415"]
[BlackElo "2520"]
[Annotator "RC"]
[PlyCount "42"]
[EventDate "2019.08.05"]
[EventType "swiss"]
[EventCountry "LAT"]
[SourceTitle "playchess.com"]
[Source "ChessBase"]
[SourceQuality "1"]
[TimeControl "5400+30"]

1. e4 g6 2. d4 Bg7 3. Nc3 d6 4. Nf3 a6 5. a4 Nf6 6. Be2 O-O 7. O-O Nc6 8. h3 d5 9. exd5 Nxd5 10. Ne4 e6 11. c3 b6 12. Re1 h6 13. Bd2 Bb7 14. Bd3 Nde7 15. Bf4 Nf5 16. Qd2 g5 17. Bh2 Nce7 18. a5 Ng6 19. axb6 cxb6 20. Qe2 a5 21. Rad1 Ngh4 1/2-1/2

[Event "9th RTU Open 2019"]
[Site "Riga"]
[Date "2019.08.09"]
[Round "7.16"]
[White "Keinanen, Toivo"]
[Black "Vishnu Prasanna. V"]
[Result "1/2-1/2"]
[ECO "E01"]
[WhiteElo "2386"]
[BlackElo "2505"]
[Annotator "ChessBase"]
[PlyCount "52"]
[EventDate "2019.08.05"]
[EventType "swiss"]
[EventCountry "LAT"]
[SourceTitle "playchess.com"]
[Source "ChessBase"]
[SourceQuality "1"]
[TimeControl "5400+30"]

1. d4 d5 2. c4 e6 3. g3 Nf6 4. Bg2 Nc6 5. Nf3 Bd6 6. O-O O-O 7. Bg5 h6 8. Bxf6 Qxf6 9. cxd5 exd5 10. Nc3 Qe6 11. e4 dxe4 12. d5 Qe7 13. dxc6 exf3 14. Re1 Qf6 15. Ne4 Qd8 16. Nxd6 cxd6 17. Bxf3 bxc6 18. Bxc6 Rb8 19. b3 Be6 20. Bd5 Qd7 21. Rc1 Rbc8 22. Qd4 Rfe8 23. Bg2 Rc7 24. Red1 Rec8 25. Rxc7 Qxc7 26. h4 d5 1/2-1/2

[Event "9th RTU Open 2019"]
[Site "Riga"]
[Date "2019.08.09"]
[Round "7.19"]
[White "Smirin, Ilia"]
[Black "Baskin, Robert"]
[Result "1-0"]
[ECO "B32"]
[WhiteElo "2594"]
[BlackElo "2398"]
[Annotator "ChessBase"]
[PlyCount "79"]
[EventDate "2019.08.05"]
[EventType "swiss"]
[EventCountry "LAT"]
[SourceTitle "playchess.com"]
[Source "ChessBase"]
[SourceQuality "1"]
[TimeControl "5400+30"]

1. e4 c5 2. Nf3 Nc6 3. d4 cxd4 4. Nxd4 e5 5. Nb5 d6 6. N1c3 a6 7. Na3 Be7 8. Be3 Nf6 9. Nc4 b5 10. Nb6 Rb8 11. Nxc8 Qxc8 12. Be2 O-O 13. O-O b4 14. Nd5 Nxe4 15. c3 Nf6 16. Nxe7+ Nxe7 17. cxb4 Ned5 18. a3 Nxe3 19. fxe3 a5 20. Qxd6 Qc2 21. Qd3 Rfc8 22. Qxc2 Rxc2 23. Bd3 Rd2 24. Rfd1 Rxd1+ 25. Rxd1 axb4 26. a4 Nd7 27. Rc1 g6 28. Rc7 Rd8 29. a5 Nc5 30. Be2 Rd2 31. Kf1 Ne4 32. Rc4 f5 33. Rxb4 Rc2 34. Bd3 Rc1+ 35. Ke2 Nc5 36. Rc4 Nxd3 37. Kxd3 Ra1 38. b4 Kf7 39. Rc6 e4+ 40. Kd4 1-0